Warning! The script has encountered some errors when parsing the replay. Please report them to the . » details
0x00, prev: 0x16: 16 02 01 00 4E 3E 00 00 B5 BC 00 00 [00] 00 00 00 00 00 00 00 00 00 00 00 00 00 00 00 00 00 00 00 00 00 00 00 00 00 03 11 00 18 00 03 1A 19 6D 62 70 4E 4E 3E 00 00 B5 BC 00 00
0x00, prev: 0x00: 16 02 01 00 4E 3E 00 00 B5 BC 00 00 00 00 00 00 00 00 00 00 00 00 00 00 00 00 00 00 00 00 00 00 00 00 00 00 [00] 00 03 11 00 18 00 03 1A 19 6D 62 70 4E 4E 3E 00 00 B5 BC 00 00
General information
- name: BNet
- type: Ladder team game (AT/RT)
- host: Battle.net
- saver: ImLosElMexicano
map: Highperch
- players: 6
- length: 23:53
- speed: Fast
- version: 1.23 W3XP
- replay type: Public
» download(113 KB)
Players
team 1 (winner)
DirtyMagic (
red | 48 APM | 1148 actions | 23:52)
6 Blademaster
2 Wind Walk
3 Critical Strike
1 Bladestorm
1 Pandaren Brewmaster
1 Breath of Fire
» actions
| Assign group hotkey | 24 | |
| Basic commands | 16 | |
| Build / train | 76 | |
| Enter build submenu | 45 | |
| Enter hero's abilities submenu | 7 | |
| Give item / drop item | 2 | |
| Right click | 512 | |
| Select / deselect | 193 | |
| Select group hotkey | 122 | |
| Use ability | 151 | |
1148 total
» units
» upgrades
| Ranged Weapons | 3 | |
| Liquid Fire | 1 | |
| Envenomed Spears | 1 | |
| Armor | 3 | |
| Reinforced Defenses | 1 | |
9 total
» buildings
| Altar of Storms | 1 | |
| War Mill | 1 | |
| Orc Burrow | 10 | |
| Watch Tower | 21 | |
| Voodoo Lounge | 3 | |
| Stronghold | 4 | |
| Great Hall | 1 | |
| Fortress | 1 | |
| Beastiary | 5 | |
47 total
» build order
00:12 Altar of Storms
00:19 War Mill
00:39 Orc Burrow
01:28 Orc Burrow
01:58 Watch Tower
02:44 Watch Tower
02:48 Watch Tower
03:23 Watch Tower
03:26 Watch Tower
03:39 Voodoo Lounge
03:44 Voodoo Lounge
04:01 Watch Tower
04:03 Watch Tower
04:23 Watch Tower
04:27 Watch Tower
04:31 Watch Tower
04:59 Stronghold
04:59 Stronghold
05:00 Stronghold
05:32 Great Hall
05:36 Watch Tower
05:37 Watch Tower
05:45 Watch Tower
05:58 Watch Tower
06:00 Watch Tower
07:45 Watch Tower
07:46 Watch Tower
07:48 Fortress
07:50 Orc Burrow
07:52 Orc Burrow
07:52 Orc Burrow
07:54 Beastiary
07:57 Orc Burrow
08:00 Orc Burrow
08:01 Beastiary
08:02 Beastiary
08:05 Beastiary
08:10 Beastiary
08:45 Orc Burrow
11:01 Orc Burrow
11:04 Orc Burrow
11:07 Watch Tower
11:07 Watch Tower
11:09 Watch Tower
11:11 Watch Tower
19:55 Voodoo Lounge
» items
| Boots of Speed | 1 | |
| Staff of Teleportation | 3 | |
| Potion of Healing | 1 | |
| Healing Salve | 1 | |
| Lesser Clarity Potion | 1 | |
| Orb of Lightning | 1 | |
| Anti-magic Potion | 2 | |
10 total
ImLosElMexicano (
blue | 59 APM | 1412 actions | 23:53)
8 Pandaren Brewmaster
3 Breath of Fire
3 Drunken Haze
2 Storm Earth and Fire
» actions
| Assign group hotkey | 38 | |
| Basic commands | 18 | |
| Build / train | 84 | |
| ESC pressed | 2 | |
| Enter build submenu | 48 | |
| Enter hero's abilities submenu | 8 | |
| Give item / drop item | 5 | |
| Right click | 565 | |
| Select / deselect | 216 | |
| Select group hotkey | 280 | |
| Use ability | 148 | |
1412 total
» units
| Peasant | 21 | |
| Dragonhawk Rider | 6 | |
27 total
» upgrades
| Masonry | 3 | |
| Lumber Harvesting | 2 | |
| Magic Sentry | 1 | |
| Gunpowder | 1 | |
| Barrage | 1 | |
| Fragmentation Shards | 1 | |
| Flare | 1 | |
| Cloud | 1 | |
| Storm Hammers | 1 | |
| Flak Cannons | 1 | |
| Flying Machine Bombs | 1 | |
14 total
» buildings
| Farm | 12 | |
| Lumber Mill | 1 | |
| Altar of Kings | 1 | |
| Scout Tower | 26 | |
| Guard Tower | 15 | |
| Keep | 1 | |
| Town Hall | 1 | |
| Castle | 1 | |
| Arcane Sanctum | 1 | |
| Arcane Vault | 2 | |
| Blacksmith | 1 | |
| Workshop | 3 | |
| Gryphon Aviary | 3 | |
68 total
» build order
00:06 Farm
00:11 Lumber Mill
01:01 Altar of Kings
01:17 Farm
01:52 Scout Tower
01:54 Scout Tower
02:17 Farm
02:20 Guard Tower
02:23 Scout Tower
02:27 Scout Tower
02:29 Guard Tower
02:50 Scout Tower
02:51 Guard Tower
02:54 Scout Tower
03:10 Scout Tower
03:11 Scout Tower
03:26 Guard Tower
03:38 Scout Tower
03:39 Scout Tower
04:01 Scout Tower
04:09 Keep
04:20 Guard Tower
04:32 Scout Tower
04:33 Scout Tower
04:34 Scout Tower
04:51 Guard Tower
04:54 Scout Tower
04:55 Scout Tower
05:28 Town Hall
05:33 Guard Tower
05:33 Guard Tower
05:35 Guard Tower
05:37 Scout Tower
06:34 Guard Tower
06:44 Scout Tower
06:46 Scout Tower
06:49 Guard Tower
06:51 Scout Tower
06:51 Scout Tower
07:52 Castle
08:33 Guard Tower
08:37 Scout Tower
08:38 Scout Tower
08:38 Scout Tower
08:52 Guard Tower
08:54 Scout Tower
08:55 Scout Tower
10:42 Guard Tower
10:45 Arcane Sanctum
10:51 Guard Tower
10:52 Arcane Vault
10:54 Arcane Vault
12:24 Blacksmith
13:39 Workshop
13:40 Gryphon Aviary
13:48 Workshop
13:49 Gryphon Aviary
15:04 Gryphon Aviary
15:06 Workshop
16:52 Farm
16:53 Farm
18:18 Farm
18:18 Farm
18:19 Farm
18:19 Farm
20:16 Farm
20:17 Farm
» items
| Lesser Clarity Potion | 2 | |
| Healing Salve | 3 | |
| Boots of Speed | 1 | |
| Staff of Teleportation | 1 | |
| Scroll of Town Portal | 1 | |
| Orb of Lightning | 2 | |
| Anti-magic Potion | 3 | |
13 total
sonic_hedgehog (
orange | 29 APM | 672 actions | 23:17)
4 Pandaren Brewmaster
2 Breath of Fire
2 Drunken Haze
» actions
| Assign group hotkey | 27 | |
| Basic commands | 3 | |
| Build / train | 35 | |
| Enter build submenu | 43 | |
| Enter hero's abilities submenu | 5 | |
| Right click | 254 | |
| Select / deselect | 116 | |
| Select group hotkey | 131 | |
| Use ability | 58 | |
672 total
» units
| Wisp | 15 | |
| Druid of the Talon | 3 | |
18 total
» upgrades
| Strength of the Wild | 1 | |
| Ultravision | 1 | |
| Druid of the Talon Training | 2 | |
| Well Spring | 1 | |
| Reinforced Hides | 1 | |
6 total
» buildings
| Altar of Elders | 1 | |
| Moon Well | 32 | |
| Tree of Ages | 1 | |
| Hunter's Hall | 1 | |
| Ancient of Wonders | 3 | |
| Tree of Eternity | 1 | |
| Ancient of Wind | 2 | |
41 total
» build order
00:08 Altar of Elders
00:14 Moon Well
01:18 Moon Well
01:30 Moon Well
02:26 Moon Well
02:53 Moon Well
03:27 Moon Well
04:00 Moon Well
04:19 Moon Well
04:27 Moon Well
04:54 Moon Well
05:50 Moon Well
05:57 Moon Well
07:02 Moon Well
07:06 Moon Well
07:53 Tree of Ages
08:23 Moon Well
08:28 Moon Well
09:32 Moon Well
09:38 Moon Well
09:55 Hunter's Hall
10:42 Moon Well
10:46 Moon Well
11:00 Ancient of Wonders
11:06 Ancient of Wonders
11:12 Ancient of Wonders
11:22 Tree of Eternity
11:31 Moon Well
11:45 Moon Well
11:48 Moon Well
12:32 Ancient of Wind
12:34 Ancient of Wind
13:00 Moon Well
13:07 Moon Well
13:59 Moon Well
15:35 Moon Well
15:39 Moon Well
15:45 Moon Well
21:53 Moon Well
21:58 Moon Well
22:03 Moon Well
» items
| Staff of Teleportation | 2 | |
| Boots of Speed | 1 | |
3 total
team 2 (loser)
AntiCyber (
green | 35 APM | 834 actions | 23:51)
2 Archmage
1 Blizzard
1 Brilliance Aura
» actions
| Assign group hotkey | 5 | |
| Basic commands | 24 | |
| Build / train | 52 | |
| Enter build submenu | 24 | |
| Enter hero's abilities submenu | 2 | |
| Right click | 336 | |
| Select / deselect | 344 | |
| Select group hotkey | 11 | |
| Use ability | 36 | |
834 total
» units
| Peasant | 8 | |
| Footman | 10 | |
| Knight | 7 | |
| Mortar Team | 3 | |
| Siege Engine | 4 | |
32 total
» upgrades
| Defend | 1 | |
| Lumber Harvesting | 2 | |
| Plating | 2 | |
| Animal War Training | 1 | |
| Flare | 1 | |
| Barrage | 1 | |
| Gunpowder | 2 | |
10 total
» buildings
| Altar of Kings | 1 | |
| Barracks | 2 | |
| Farm | 11 | |
| Scout Tower | 4 | |
| Arcane Tower | 2 | |
| Lumber Mill | 1 | |
| Guard Tower | 2 | |
| Keep | 1 | |
| Castle | 1 | |
| Blacksmith | 1 | |
| Town Hall | 1 | |
| Workshop | 2 | |
29 total
» build order
00:14 Altar of Kings
00:21 Barracks
00:29 Farm
00:42 Scout Tower
01:29 Arcane Tower
01:46 Farm
02:27 Farm
03:04 Barracks
03:09 Farm
03:20 Lumber Mill
03:53 Scout Tower
04:40 Guard Tower
04:55 Keep
05:06 Farm
05:39 Scout Tower
06:03 Farm
06:50 Guard Tower
08:06 Castle
08:20 Blacksmith
09:34 Town Hall
12:42 Farm
13:04 Workshop
13:42 Farm
14:31 Scout Tower
16:08 Arcane Tower
17:13 Farm
18:32 Workshop
18:37 Farm
19:52 Farm
» items
BeTrayEr (
teal | 44 APM | 1019 actions | 22:53)
2 Firelord
1 Summon Lava Spawn
1 Soul Burn
» actions
| Assign group hotkey | 28 | |
| Basic commands | 113 | |
| Build / train | 50 | |
| Enter build submenu | 21 | |
| Enter hero's abilities submenu | 2 | |
| Right click | 326 | |
| Select / deselect | 245 | |
| Select group hotkey | 200 | |
| Use ability | 34 | |
1019 total
» units
| Wisp | 22 | |
| Archer | 2 | |
| Huntress | 2 | |
| Chimaera | 12 | |
| Hippogryph | 1 | |
39 total
» upgrades
| Strength of the Wild | 2 | |
| Reinforced Hides | 2 | |
| Corrosive Breath | 1 | |
5 total
» buildings
| Moon Well | 8 | |
| Ancient of War | 1 | |
| Altar of Elders | 1 | |
| Hunter's Hall | 1 | |
| Ancient of Wonders | 1 | |
| Ancient Protector | 1 | |
| Tree of Ages | 1 | |
| Tree of Eternity | 1 | |
| Ancient of Wind | 1 | |
| Chimaera Roost | 2 | |
18 total
» build order
00:08 Moon Well
00:12 Ancient of War
01:03 Altar of Elders
02:15 Hunter's Hall
03:12 Ancient of Wonders
03:23 Moon Well
03:28 Ancient Protector
03:31 Moon Well
04:12 Tree of Ages
04:25 Moon Well
05:02 Moon Well
06:07 Moon Well
06:39 Tree of Eternity
07:19 Ancient of Wind
10:13 Chimaera Roost
10:53 Chimaera Roost
11:21 Moon Well
13:43 Moon Well
Gulldan (
yellow | 37 APM | 851 actions | 22:56)
2 Death Knight
1 Death Coil
1 Unholy Aura
» actions
| Assign group hotkey | 3 | |
| Basic commands | 20 | |
| Build / train | 45 | |
| Enter build submenu | 25 | |
| Enter hero's abilities submenu | 2 | |
| Give item / drop item | 2 | |
| Right click | 376 | |
| Select / deselect | 285 | |
| Select group hotkey | 36 | |
| Use ability | 57 | |
851 total
» units
| Acolyte | 8 | |
| Ghoul | 5 | |
| Crypt Fiend | 5 | |
| Obsidian Statue | 1 | |
| Frost Wyrm | 7 | |
26 total
» upgrades
| Creature Attack | 3 | |
| Freezing Breath | 1 | |
| Creature Carapace | 2 | |
| Unholy Strength | 1 | |
7 total
» buildings
| Ziggurat | 10 | |
| Altar of Darkness | 1 | |
| Crypt | 1 | |
| Graveyard | 1 | |
| Halls of the Dead | 1 | |
| Tomb of Relics | 1 | |
| Spirit Tower | 4 | |
| Temple of the Damned | 1 | |
| Slaughterhouse | 1 | |
| Black Citadel | 1 | |
| Sacrificial Pit | 1 | |
| Boneyard | 3 | |
| Nerubian Tower | 1 | |
| Necropolis | 1 | |
28 total
» build order
00:06 Ziggurat
00:08 Altar of Darkness
00:14 Crypt
01:14 Graveyard
01:40 Ziggurat
03:00 Halls of the Dead
03:23 Tomb of Relics
03:26 Spirit Tower
04:15 Ziggurat
05:14 Spirit Tower
05:30 Temple of the Damned
05:34 Slaughterhouse
06:21 Ziggurat
06:45 Black Citadel
07:27 Sacrificial Pit
07:28 Spirit Tower
09:17 Boneyard
10:49 Boneyard
10:56 Boneyard
11:04 Ziggurat
11:05 Ziggurat
11:07 Ziggurat
11:09 Ziggurat
12:00 Nerubian Tower
12:01 Spirit Tower
13:21 Necropolis
20:44 Ziggurat
20:46 Ziggurat
» items
| Sacrificial Skull | 1 | |
| Dust of Appearance | 1 | |
2 total
Chat log
(00:16 / Allies) ImLosElMexicano: each of us send 1 peon to each side
(00:19 / Allies) ImLosElMexicano: so theres no jokes this time
(00:26 / Allies) DirtyMagic: these are same guys
(00:31 / Allies) ImLosElMexicano: really?
(00:39 / Allies) ImLosElMexicano: fuck it
(00:41 / Allies) ImLosElMexicano: do same plan
(00:43 / Allies) ImLosElMexicano: michael make lots of wells
(00:46 / Allies) ImLosElMexicano: liek 8 each side
(00:47 / Allies) ImLosElMexicano: to start with
(00:48 / Allies) ImLosElMexicano: not 1
(00:53 / Allies) ImLosElMexicano: 1 = 1/4 a heal for one hero
(00:57 / Allies) sonic_hedgehog: how bout hem towers, eh?
(01:31 / Allies) ImLosElMexicano: send a wisp to tav
(01:45 / Allies) ImLosElMexicano: tommy send a peon to left side too
(02:02 / Allies) sonic_hedgehog: gay movie setting for my monitor makes it darker sometimes
(02:35 / Allies) DirtyMagic: poainters inc
(03:00 / Allies) ImLosElMexicano: come creep expo
(03:02 / Allies) ImLosElMexicano: ur not a bm
(03:04 / Allies) ImLosElMexicano: dotn dry to be a bm
(03:06 / Allies) ImLosElMexicano: u will FAIL HARD
(03:17 / Allies) ImLosElMexicano: U WILL NOT KILL THAT
(03:21 / Allies) sonic_hedgehog: shutup
(03:27 / Allies) ImLosElMexicano: WOOD
(03:34 / Allies) ImLosElMexicano: michael wood me
(04:06 / Allies) ImLosElMexicano: keep makign wells
(04:07 / Allies) DirtyMagic: tehy will get siege asap
(04:08 / Allies) DirtyMagic: be prepared
(04:22 / Allies) ImLosElMexicano: michael wood
(04:26 / Allies) ImLosElMexicano: 300
(05:16 / Allies) DirtyMagic: GOLD
(05:38 / Allies) sonic_hedgehog: brawler or beer?
(05:42 / Allies) ImLosElMexicano: beer
(05:43 / Allies) ImLosElMexicano: KEEP MAKING WELLS
(05:44 / Allies) ImLosElMexicano: KEEP
(06:10 / Allies) sonic_hedgehog: wat?
(06:16 / Allies) ImLosElMexicano: THAT WAS THEIR PING
(06:19 / Allies) ImLosElMexicano: inc
(07:04 / Allies) ImLosElMexicano: come on
(07:06 / Allies) ImLosElMexicano: to the creeping spot
(07:09 / Allies) ImLosElMexicano: for some xp spot
(08:03 / Allies) ImLosElMexicano: more wells
(08:05 / Allies) ImLosElMexicano: we need
(08:07 / Allies) ImLosElMexicano: over 40 wells
(08:08 / Allies) ImLosElMexicano: total
(08:13 / Allies) ImLosElMexicano: thats more wellst han you can select in 3 control grpus
(09:41 / Allies) ImLosElMexicano: leve 3 lets go
(09:51 / Allies) ImLosElMexicano: well im goin
(10:27 / Allies) ImLosElMexicano: care
(10:33 / Allies) ImLosElMexicano: keep
(10:35 / Allies) ImLosElMexicano: making wells
(10:37 / Allies) ImLosElMexicano: till u have 0 gold
(10:45 / Allies) DirtyMagic: michael make ne shops
(11:14 / Allies) ImLosElMexicano: tommy u should have been ne
(11:18 / Allies) ImLosElMexicano: he has one wisp handling all the well building
(11:24 / Allies) ImLosElMexicano: gold for orb/tp
(11:32 / Allies) ImLosElMexicano: nvm i got tp
(11:36 / Allies) ImLosElMexicano: let go
(11:38 / Allies) ImLosElMexicano: come panda
(12:35 / Allies) ImLosElMexicano: 1 of u come help me
(12:36 / Allies) ImLosElMexicano: clear this
(12:46 / Allies) ImLosElMexicano: bnot hte one with 5 knights folowing him
(13:03 / Allies) DirtyMagic: should i get soemthing besides bats at all?
(13:07 / Allies) ImLosElMexicano: nah
(13:33 / Allies) DirtyMagic: chims and wyrms
(13:37 / Allies) DirtyMagic: and knights
(13:56 / Allies) ImLosElMexicano: tommy go there
(13:57 / Allies) ImLosElMexicano: so ic an staff u
(14:02 / Allies) ImLosElMexicano: michael help me creep this
(14:19 / Allies) sonic_hedgehog: we ar not gonna get right side their creep?
(14:21 / Allies) DirtyMagic: lets get their right side orange
(14:28 / Allies) ImLosElMexicano: in a sec
(14:34 / Allies) ImLosElMexicano: staff there when urdon with this one
(14:43 / Allies) DirtyMagic: im there now
(14:45 / Allies) DirtyMagic: TT
(15:35 / Allies) ImLosElMexicano: make more wells
(15:47 / Allies) DirtyMagic: everything is all bm proof
(15:57 / Allies) DirtyMagic: get ur panda out of here
(15:59 / Allies) DirtyMagic: they pinged it
(16:00 / Allies) ImLosElMexicano: inc @ ur heros
(16:05 / Allies) sonic_hedgehog: what was ne shop 4?
(16:24 / Allies) ImLosElMexicano: michaesl busted
(16:24 / Allies) ImLosElMexicano: zzz
(16:47 / Allies) ImLosElMexicano: take michael panda
(17:04 / Allies) DirtyMagic: chims aroudn edgeo f map
(17:11 / Allies) ImLosElMexicano: b ready to jack them up
(18:05 / Allies) DirtyMagic: king noobs
(18:10 / Allies) DirtyMagic: havent even expod yet
(18:11 / Allies) ImLosElMexicano: take miahcels panda
(18:13 / Allies) ImLosElMexicano: and come with mine
(18:21 / Allies) DirtyMagic: you do it
(18:22 / Allies) DirtyMagic: together
(18:28 / Allies) DirtyMagic: i have to manage bm
(18:29 / Allies) DirtyMagic: across map
(18:51 / Allies) DirtyMagic: oops
(18:52 / Allies) DirtyMagic: greed
(18:54 / Allies) ImLosElMexicano: busy huh?
(18:58 / Allies) ImLosElMexicano: use him
(19:00 / Allies) DirtyMagic: shutututp
(20:03 / Allies) DirtyMagic: my bm is five
(20:03 / Allies) ImLosElMexicano: we all 5?
(20:05 / Allies) ImLosElMexicano: ya
(20:26 / All) ImLosElMexicano: ive got seven brick houses all made outta wood
(20:36 / Allies) DirtyMagic: wait up
(20:53 / Allies) ImLosElMexicano: left side inc wyrms
(21:12 / Allies) ImLosElMexicano: main mine dead
(21:15 / Allies) ImLosElMexicano: they will be sad soon
(21:16 / All) Gulldan: very cool strat btw
(21:23 / All) ImLosElMexicano: u gusy arent much of a challenge
(21:34 / All) Gulldan: we try no to be
(21:39 / All) DirtyMagic: gj then
(21:41 / All) ImLosElMexicano: very good job then
(22:11 / Allies) ImLosElMexicano: they gonna qq after this
(22:54 / All) Gulldan: so ur read for us at all times with map hacks?
(23:00 / All) ImLosElMexicano: lol?
(23:01 / All) sonic_hedgehog: ur gone
(23:07 / All) ImLosElMexicano: yeah i cant reply
(23:09 / All) ImLosElMexicano: ur gone :[